 Dungeon Crawl Stone Soup version 0.25.0-9-g26727b657a (webtiles) character file.

Game seed: 31113844568858492

2581 Ge0ff the Spear-Bearer (level 9, -5/69 HPs)
             Began as a Formicid Conjurer on June 20, 2020.
             Splashed by Maggie the acid dragon's acid (16 damage)
             ... on level 7 of the Dungeon.
             The game lasted 00:30:44 (11755 turns).

Ge0ff the Spear-Bearer (Formicid Conjurer)         Turns: 11755, Time: 00:30:45

Health: -5/69      AC: 14    Str: 18      XL:     9   Next: 88%
Magic:  12/12      EV:  6    Int: 15      God:
Gold:   269        SH:  0    Dex: 10 (11) Spells: 11/12 levels left

rFire    . . .     SeeInvis +   w - +2 dagger (chaos)
rCold    + . .     Gourm    .   (no shield)
rNeg     . . .     Faith    .   J - +0 plate armour
rPois    .         Spirit   .   (helmet unavailable)
rElec    .         Reflect  .   L - scarf {+Inv}
rCorr    .         Harm     .   (no gloves)
MR       .....                  K - +2 pair of boots
Stlth    ..........             (no amulet)
HPRegen  0.21/turn              A - ring of protection from cold
MPRegen  0.13/turn              (no ring)

@: very slightly contaminated
A: permanent stasis, dig shafts and tunnels, four strong arms, antennae 3,
blurry vision 1, strong 1, evolution 1
a: Dig, Shaft Self, Evoke Invisibility


You were on level 7 of the Dungeon.
You were not hungry.

You visited 2 branches of the dungeon, and saw 10 of its levels.
You also visited: Bailey.

You collected 269 gold pieces.

Inventory:

Hand Weapons
 a - a +0 trident
 b - a +0 rapier
 s - a +1 flail of draining
 w - a +2 dagger of chaos (weapon)
 B - a +2 short sword of speed
Missiles
 x - 3 datura-tipped darts {=f}
 D - 234 stones
 I - 117 bolts
 P - 61 arrows
 X - 11 poisoned darts (quivered)
 Y - 9 boomerangs
 Z - 151 sling bullets
Armour
 J - a +0 plate armour (worn)
 K - a +2 pair of boots (worn)
 L - a scarf of invisibility (worn)
 M - a +0 cloak
 U - a scarf of repulsion
Jewellery
 q - an uncursed ring of fire
 A - a ring of protection from cold (left hand)
 Q - an uncursed amulet of faith
Scrolls
 i - a scroll of identify
 m - a scroll of magic mapping
 t - 2 scrolls of enchant weapon {unknown}
 u - a scroll of holy word {unknown}
 v - 2 scrolls of noise
 y - 3 scrolls of immolation
 C - a scroll of remove curse
 E - a scroll of fear
 F - 2 scrolls of fog
 G - a scroll of amnesia {unknown}
 H - a scroll of random uselessness {unknown}
 O - a scroll of blinking {unknown}
Potions
 N - 3 potions of cancellation {!q}
 R - 2 potions of degeneration
 S - a potion of brilliance {unknown}
 T - a potion of stabbing {unknown}
 V - a potion of flight {unknown}
Comestibles
 r - 12 rations


   Skills:
 + Level 6.3 Fighting
 - Level 1.0 Short Blades
 * Level 9.8 Polearms
 + Level 3.6 Armour
 - Level 2.0 Dodging
 - Level 2.4 Stealth
 - Level 2.1 Spellcasting
 - Level 3.6 Conjurations
 + Level 3.7 Evocations


You had 11 spell levels left.
You knew the following spells:

 Your Spells              Type           Power        Failure   Level  Hunger
k - Magic Dart            Conj           ##..         89%         1    #......

Your spell library contained the following spells:

 Spells                   Type           Power        Failure   Level  Hunger
 Searing Ray              Conj           ##....       96%         2    ###....
 Animate Skeleton         Necr           N/A          100%        1    #......
 Corona                   Hex            #......      100%        1    #......
 Pain                     Necr           #...         100%        1    #......
 Slow                     Hex            #.......     100%        2    ###....
 Dazzling Flash           Conj/Hex       #.....       100%        3    ###....
 Inner Flame              Hex/Fire       #.......     100%        3    ###....
 Portal Projectile        Hex/Tloc       #.....       100%        3    ###....
 Vampiric Draining        Necr           #.........   100%        3    ###....
 Animate Dead             Necr           N/A          100%        4    #####..
 Cause Fear               Hex            #.........   100%        4    #####..
 Fulminant Prism          Conj/Hex       #.........   100%        4    #####..
 Iskenderun's Mystic Bla  Conj/Tloc      #.......     100%        4    #####..
 Leda's Liquefaction      Hex/Erth       #.........   100%        4    #####..
 Agony                    Necr           #.......     100%        5    ######.


Dungeon Overview and Level Annotations

Branches:
Dungeon (9/15)             Temple (1/1) D:6          Bailey (visited)
   Lair: D:8-11         Orc: D:9-12

Altars:
Cheibriados
Dithmenos
Elyvilon
Fedhas
Hepliaklqana
Kikubaaqudgha
Makhleb
Nemelex Xobeh
Okawaru
Qazlal
Ru
Sif Muna
Trog
Uskayaw
Vehumet
Wu Jian
Xom
Yredelemnul
Zin
The Shining One

Annotations:
D:7 2 transporters, Jannitor's ghost, novice GrAr; Maggie


Innate Abilities, Weirdness & Mutations

You cannot be hasted, slowed, berserked, paralysed or teleported.
You can dig through walls and to a lower floor.
Your four strong arms can wield two-handed weapons with a shield.
You have a pair of large antennae on your head. (SInv)
Scrolls take you a little longer to read.
Your muscles are strong. (Str +2)
You evolve.


Message History

You are splashed with acid!
You hit Maggie.
Maggie is poisoned.
Maggie is almost dead.
Maggie barely misses you. Maggie closely misses you.
You closely miss Maggie.
Maggie is almost dead.
Maggie spits acid at you.
The splash of acid hits you but does no damage.
You are splashed with acid!
* * * LOW HITPOINT WARNING * * *
You barely miss Maggie.
Maggie is almost dead.
You flicker back into view.
Maggie barely misses you. Maggie claws you but does no damage.
You hit Maggie but do no damage.
Maggie is almost dead.
Maggie spits acid at you.
The splash of acid hits you but does no damage.
You are splashed with acid!
You die...

#.# ####....#....)......
#.# #........#####......
#.# #.##.....## #......
#.#####.###.#...# #######
#...........#.#######...[.
######.#.####<##..........
#...#...#[#.#......#.##
#.#####D.###............#
###.#.####.##.....###.#
#....# #.####.### #..
##.#.# #..,...# #.# ##.#.#
######.# #.# ##.#..#
#.#####.# #.###.#
#.......# ##.#..#
#####...[.
##.#.#######........#


You could see Maggie the acid dragon (very poisoned, catching breath).

Vanquished Creatures
  A hungry ghost (D:7)
  A water moccasin (D:9)
  An ice beast (D:9)
  3 orc warriors
  A phantom (D:9)
  4 ogres
  2 centaurs
  A big kobold (D:9)
  4 bullfrogs
  A wyvern zombie (D:7)
  A scorpion (D:9)
  A howler monkey (D:6)
  7 crimson imps
  3 hounds
  2 orc wizards
  An orc priest (D:7)
  A centaur skeleton (D:6)
  An iguana (D:6)
  2 worker ants
  2 hound skeletons
  6 adders
  4 shadow imps
  An ooze (D:2)
  2 adder skeletons
  An adder zombie (D:9)
  2 worms
  A dart slug (D:1)
  2 leopard geckos
  20 orcs
  3 ball pythons
  5 giant cockroaches
  2 gnoll zombies (D:7)
  13 goblins
  7 hobgoblins
  4 jackals
  24 kobolds
  7 quokkas
  5 bats
  2 frilled lizards
  A leopard gecko skeleton (D:4)
  A quokka skeleton (D:7)
  6 rats
159 creatures vanquished.

Vanquished Creatures (collateral kills)
  3 orc warriors (Bailey)
  2 gnolls (Bailey)
  2 orcs
  4 goblins (Bailey)
  4 hobgoblins (Bailey)
15 creatures vanquished.

Grand Total: 174 creatures vanquished

Notes
Turn   | Place    | Note
-------+----------+-------------------------------------------
     0 | D:1      | Ge0ff the Formicid Conjurer began the quest for the Orb.
     0 | D:1      | Reached XP level 1. HP: 13/13 MP: 3/3
   125 | D:1      | Reached skill level 1 in Fighting
   267 | D:1      | Reached XP level 2. HP: 21/21 MP: 0/5
   792 | D:1      | Reached XP level 3. HP: 28/28 MP: 3/6
  1572 | D:2      | Reached XP level 4. HP: 36/36 MP: 3/7
  1739 | D:2      | Found a snail-covered altar of Cheibriados.
  2806 | D:3      | Reached skill level 1 in Armour
  3173 | D:3      | Reached XP level 5. HP: 42/42 MP: 4/8
  3353 | D:3      | Found an iron altar of Okawaru.
  4046 | D:4      | Reached skill level 1 in Short Blades
  4046 | D:4      | Reached skill level 1 in Evocations
  4293 | D:4      | Reached skill level 1 in Polearms
  5084 | D:4      | Reached XP level 6. HP: 48/49 MP: 9/9
  5192 | D:5      | Entered Level 5 of the Dungeon
  5197 | D:5      | Found a shimmering altar of Xom.
  5267 | D:4      | Reached skill level 2 in Polearms
  5356 | D:4      | Reached skill level 3 in Polearms
  5681 | D:5      | Reached XP level 7. HP: 55/55 MP: 10/10
  5846 | D:5      | Found a hazy altar of Hepliaklqana.
  5951 | D:5      | Found a sacrificial altar of Ru.
  5952 | D:5      | Found an ornate altar of the Wu Jian Council.
  5952 | D:5      | Found a blossoming altar of Fedhas.
  5955 | D:5      | Found an ancient bone altar of Kikubaaqudgha.
  6154 | D:6      | Reached skill level 4 in Polearms
  6315 | D:6      | You fall into a shaft and drop 3 floors!
  6348 | D:9      | Reached skill level 5 in Polearms
  6597 | D:9      | Reached skill level 6 in Polearms
  6597 | D:9      | Reached XP level 8. HP: 33/61 MP: 11/11
  6830 | D:9      | Found a bloodstained altar of Trog.
  6861 | D:9      | Reached skill level 7 in Polearms
  7203 | D:8      | Reached skill level 8 in Polearms
  7404 | D:7      | Found a flagged portal.
  7412 | Bailey   | Entered a bailey
  7797 | Bailey   | Noticed an orc knight
  7798 | Bailey   | Reached XP level 9. HP: 67/67 MP: 12/12
  7809 | Bailey   | Reached skill level 5 in Fighting
  7845 | Bailey   | Gained mutation: Scrolls take you a little longer to read.
                  | [potion of mutation]
  7845 | Bailey   | Gained mutation: Your muscles are strong. (Str +2) [potion
                  | of mutation]
  7845 | Bailey   | Gained mutation: You evolve. [potion of mutation]
  8259 | D:6      | Found a staircase to the Ecumenical Temple.
  8270 | Temple   | Entered the Ecumenical Temple
  8681 | D:6      | Reached skill level 9 in Polearms
 10133 | D:7      | Found a basalt altar of Yredelemnul.
 10191 | D:7      | Noticed Maggie
 10423 | D:7      | Found a transporter.
 10424 | D:7      | Found a transporter.
 10425 | D:7      | Noticed Jannitor's ghost (novice GrAr)
 10427 | D:7      | Identified the +9 great mace "Maocsuir" {vorpal, rElec rF+
                  | rN+ Int-4}
 10427 | D:7      | Noticed a two-headed ogre
 11750 | D:7      | Noticed Maggie
 11750 | D:7      | Maggie changed into Maggie the acid dragon
 11755 | D:7      | Splashed by Maggie the acid dragon's acid

Illustrated notes

Levels and vault maps discovered:
D:1:      beargit_arrival_greenhouse, layout_basic
D:2:      layout_loops_ring, nicolae_overflow_hidden_temple, kennysheep_potato
D:3:      layout_loops_ring, serial_bayou_pond_c, kennysheep_okawaru_gauntlet
D:4:      layout_gridville
D:5:      layout_rooms, led_xom_imps, overflow_temple_1_default,
          chequers_temple_overflow_statue_of_worship, first_ration
D:6:      layout_loops_ring, minmay_temple_entry_sparse_star,
          serial_co_window_serial, co_window_paths_b, co_window_paths_a,
          co_window_paths_b, co_window_paths_a, co_window_cross_1,
          co_window_2corner, co_window_2corner, co_window_cross_4,
          co_window_4corner_b, co_window_paths_d, glass_columns_b,
          glass_columns_c, glass_columns_a, glass_columns_a, glass_columns_a
D:7:      layout_loops_ring, lemuel_zombie_altar_yredelemnul,
          gammafunk_ghost_smash, enter_bailey_2,
          hangedman_abyss_or_decor_passed, grunt_ogre_cave, uniq_maggie
D:8:      layout_basic, kennysheep_mini_moat, serial_park_tiny_1
D:9:      layout_loops_ring, kennysheep_mini, serial_bayou_pond_b,
          trog_three_pillars_becter
Temple:   minmay_temple_bridge_abc

Skill      XL: |  1  2  3  4  5  6  7  8  9 |
---------------+----------------------------+-----
Fighting       | 1 2 3 4 6 |  6.3
Armour         | 1 3 |  3.6
Short Blades   | 1 |  1.0
Evocations     | 1 2 3 |  3.7
Polearms       | 1 3 6 8 9 |  9.8
Dodging        | 2 |  2.0
Stealth        | |  2.4
Spellcasting   | |  2.1
Conjurations   | |  3.6

Action                   |  1- 3 |  4- 6 |  7- 9 || total
-------------------------+-------+-------+-------++-------
Melee: Dagger            |    26 |    59 |    41 ||   126
       Rapier            |       |   131 |     2 ||   133
       Trident           |       |   119 |   409 ||   528
Throw: Stone             |       |    22 |       ||    22
       Dart              |       |     3 |    16 ||    19
       Boomerang         |       |    16 |    96 ||   112
       Throwing net      |       |       |     1 ||     1
 Cast: Magic Dart        |    52 |    89 |       ||   141
 Abil: Dig               |       |     1 |     8 ||     9
       Evoke Invisibilit |       |       |     4 ||     4
Evoke: Wand              |       |       |     4 ||     4
  Use: Scroll            |       |     9 |     3 ||    12
       Potion            |       |       |     9 ||     9
 Stab: Sleeping          |     3 |     2 |       ||     5
       Petrified         |       |       |     7 ||     7
       Invisible         |       |       |     5 ||     5
  Eat: Chunk             |     2 |    15 |    13 ||    30
       Ration            |       |       |     7 ||     7
Armor: Robe              |     5 |    18 |       ||    23
       Scale mail        |       |   100 |   126 ||   226
       Plate armour      |       |       |   120 ||   120
Dodge: Dodged            |    18 |   131 |   152 ||   301

Levels and vault maps discovered:
D:1:      beargit_arrival_greenhouse, layout_basic
D:2:      layout_loops_ring, nicolae_overflow_hidden_temple, kennysheep_potato
D:3:      layout_loops_ring, serial_bayou_pond_c, kennysheep_okawaru_gauntlet
D:4:      layout_gridville
D:5:      layout_rooms, led_xom_imps, overflow_temple_1_default,
          chequers_temple_overflow_statue_of_worship, first_ration
D:6:      layout_loops_ring, minmay_temple_entry_sparse_star,
          serial_co_window_serial, co_window_paths_b, co_window_paths_a,
          co_window_paths_b, co_window_paths_a, co_window_cross_1,
          co_window_2corner, co_window_2corner, co_window_cross_4,
          co_window_4corner_b, co_window_paths_d, glass_columns_b,
          glass_columns_c, glass_columns_a, glass_columns_a, glass_columns_a
D:7:      layout_loops_ring, lemuel_zombie_altar_yredelemnul,
          gammafunk_ghost_smash, enter_bailey_2,
          hangedman_abyss_or_decor_passed, grunt_ogre_cave, uniq_maggie
D:8:      layout_basic, kennysheep_mini_moat, serial_park_tiny_1
D:9:      layout_loops_ring, kennysheep_mini, serial_bayou_pond_b,
          trog_three_pillars_becter
Temple:   minmay_temple_bridge_abc
